 Dungeon Crawl Stone Soup version 0.25.0-15-gac7dcb8919 (webtiles) character file.

Game seed: 5840348540050096662

571 grindst0ne the Chopper (level 7, -6/49 HPs)
             Began as a Human Chaos Knight on June 29, 2020.
             Was a Plaything of Xom.
             Killed by divine providence
             ... invoked by an orc priest
              (16 damage)
             ... on level 2 of the Dungeon.
             The game lasted 00:04:57 (2870 turns).

grindst0ne the Chopper (Human Chaos Knight)         Turns: 2870, Time: 00:04:57

Health: -6/49      AC:  7    Str: 15    XL:     7   Next: 60%
Magic:  2/2        EV: 13    Int: 15    God:    Xom [..*...]
Gold:   156        SH:  0    Dex: 12    Spells: 4/6 levels left

rFire    . . .     SeeInvis .   v - +0 war axe (antimagic)
rCold    . . .     Gourm    .   (no shield)
rNeg     . . .     Faith    .   b - +2 leather armour
rPois    .         Spirit   .   f - +2 helmet {Int+3}
rElec    .         Reflect  .   (no cloak)
rCorr    .         Harm     .   (no gloves)
MR       .....                  (no boots)
Stlth    +.........             m - amulet of the acrobat
HPRegen  0.16/turn              (no ring)
MPRegen  0.08/turn              (no ring)

@: no status effects
A: deformed body, frail 1
a: Renounce Religion


You were on level 2 of the Dungeon.
You worshipped Xom.
You were a toy of Xom.
You were hungry.

You visited 1 branch of the dungeon, and saw 3 of its levels.
You also visited: Sewer.

You collected 156 gold pieces.

Inventory:

Hand Weapons
 a - a +0 hand axe of chaos
 v - a +0 antimagic war axe (weapon)
Missiles
 r - 9 poisoned darts (quivered)
Armour
 b - a +2 leather armour (worn)
 f - a +2 helmet of intelligence (worn)
 g - a +0 chain mail
Jewellery
 m - an amulet of the acrobat (around neck)
 s - an uncursed ring of protection from cold {unknown}
Wands
 t - a wand of iceblast (5)
Scrolls
 d - 2 scrolls of remove curse {unknown}
 e - a scroll of teleportation {unknown}
 h - 2 scrolls of enchant armour {unknown}
 i - 2 scrolls of identify {unknown}
 k - a scroll of random uselessness {unknown}
 n - 2 scrolls of amnesia {unknown}
Potions
 j - 4 potions of flight {unknown}
 l - a potion of haste {unknown}
 o - 3 potions of curing {unknown}
 p - 3 potions of heal wounds {unknown}
 q - a potion of cancellation {unknown}
Comestibles
 c - 7 rations


   Skills:
 + Level 4.6 Fighting
 + Level 4.6 Axes
 + Level 4.0 Armour
 + Level 3.5 Dodging
 + Level 2.0 Translocations


You had 4 spell levels left.
You knew the following spells:

 Your Spells              Type           Power        Failure   Level  Hunger
a - Blink                 Tloc           N/A          22%         2    ###....

Your spell library contained the following spells:

 Spells                   Type           Power        Failure   Level  Hunger
 Magic Dart               Conj           #...         32%         1    ##.....
 Call Imp                 Summ           #.......     45%         2    ###....
 Slow                     Hex            #.......     45%         2    ###....
 Conjure Flame            Conj/Fire      #.......     69%         3    ####...
 Mephitic Cloud           Conj/Pois/Air  #.......     69%         3    ####...


Dungeon Overview and Level Annotations

Branches:
Dungeon (3/15)              Sewer (visited)

Altars:
Ashenzari
Okawaru
Sif Muna
Trog
Xom
The Shining One

Annotations:
D:3 Sigmund


Innate Abilities, Weirdness & Mutations

Armour fits poorly on your strangely shaped body.
You are frail. (-10% HP)


Message History

You are too injured to fight recklessly!
You are too injured to fight recklessly!
You are too injured to fight recklessly!
You barely miss the orc priest.
The orc priest is severely wounded.
You hit the orc but do no damage. The orc misses you.
The orc priest hits you with a +0 short sword!
* * * LOW HITPOINT WARNING * * *
The orc closely misses you.
The orc priest hits you but does no damage.
You hit the orc priest.
The orc priest is severely wounded.
You hit the orc but do no damage. The orc priest closely misses you.
The orc barely misses you.
You hit the orc priest but do no damage.
The orc priest is severely wounded.
You barely miss the orc.
The orc priest mumbles some strange prayers to Beogh against you.
Beogh smites you!
You die...

####### #......
#######.#####
######..........#.
######o......(.......#.
#....o@.###..#######...
#.####..# #..# ### #.(.
#.##....# #..#######...
#.##.##.# ##...'_'.....
#.##.##.# #.###'###...
#.......# ##.# #.# #..#
####.#### #..###.###..#
#.# #..........## #.#
#..#......###


You could see an orc priest and an orc.

Vanquished Creatures
  4 eyes of draining (D:3)
  A big kobold (Sewer)
  Jessica (D:2)
  A gnoll (D:3)
  4 adders
  An ooze (D:3)
  2 worms (D:2)
  3 dart slugs
  2 orcs (D:3)
  4 giant cockroaches
  4 goblins (D:1)
  8 hobgoblins
  8 jackals
  10 bats
  3 frilled lizards (D:1)
  12 kobolds
  14 rats
82 creatures vanquished.

Notes
Turn   | Place    | Note
-------+----------+-------------------------------------------
     0 | D:1      | grindst0ne the Human Chaos Knight began the quest for the
                  | Orb.
     0 | D:1      | Reached XP level 1. HP: 18/18 MP: 1/1
    72 | D:1      | XOM: potion effect (stabbing)
    77 | D:1      | Reached XP level 2. HP: 24/24 MP: 2/2
   122 | D:1      | XOM: cast spell 'Olgreb's Toxic Radiance'
   326 | D:1      | XOM: silly message
   330 | D:1      | Reached XP level 3. HP: 29/29 MP: 3/3
   898 | D:2      | Noticed Jessica
   906 | D:2      | Killed Jessica
   906 | D:2      | Reached XP level 4. HP: 29/35 MP: 4/4
   969 | D:2      | XOM: divination: detect creatures
  1013 | D:2      | XOM: scenery: create altars
  1117 | D:2      | XOM: cloud trail
  1545 | D:2      | Found a shimmering blue altar of Sif Muna.
  1548 | D:2      | Found a bloodstained altar of Trog.
  1551 | D:2      | Found a shattered altar of Ashenzari.
  1554 | D:2      | Found an iron altar of Okawaru.
  1613 | D:2      | Found a glowing golden altar of the Shining One.
  1893 | D:3      | Found a glowing drain.
  1901 | D:3      | XOM: summons friendly shadow imp
  1910 | D:3      | Reached XP level 5. HP: 34/42 MP: 5/5
  1924 | Sewer    | Entered a sewer
  2042 | Sewer    | Noticed a big kobold
  2051 | Sewer    | XOM: chaos upgrade
  2067 | Sewer    | Killed a big kobold
  2069 | Sewer    | Reached XP level 6. HP: 29/48 MP: 6/6
  2199 | Sewer    | Found a white marble altar of Elyvilon.
  2435 | D:3      | Learned a level 2 spell: Blink
  2519 | D:3      | Found a bloodstained altar of Trog.
  2519 | D:3      | Noticed an eye of draining
  2519 | D:3      | Noticed an eye of draining
  2520 | D:3      | Noticed an eye of draining
  2545 | D:3      | XOM: confuse monster(s)
  2548 | D:3      | XOM: give mutations
  2548 | D:3      | Gained mutation: You are frail. (-10% HP) [Xom's mischief]
  2548 | D:3      | Gained mutation: Armour fits poorly on your strangely
                  | shaped body. [Xom's mischief]
  2556 | D:3      | XOM: divination: detect items
  2561 | D:3      | Killed an eye of draining
  2563 | D:3      | XOM: scenery: create altars
  2569 | D:3      | Killed an eye of draining
  2569 | D:3      | Reached skill level 1 in Translocations
  2569 | D:3      | Reached XP level 7. HP: 43/49 MP: 0/7
  2729 | D:3      | Noticed Sigmund
  2782 | D:3      | XOM: cast spell 'Cause Fear'
  2870 | D:2      | Killed from afar by an orc priest

Illustrated notes

Levels and vault maps discovered:
D:1:      minmay_arrival_stair_chambers, layout_basic
D:2:      layout_loops_cross, grunt_temple_overflow_cloverleaf,
          lemuel_doored_altar, first_ration, uniq_jessica
D:3:      layout_basic, gup_sewer_entry_glass, amethyst_killhole,
          trog_eyes_of_draining, uniq_sigmund

Skill      XL: |  1  2  3  4  5  6  7 |
---------------+----------------------+-----
Dodging        | 2 3 |  3.5
Armour         | 3 4 |  4.0
Fighting       | 4 |  4.6
Axes           | 4 |  4.6
Translocations | 1 2 |  2.0

Action                   |  1- 3 |  4- 6 |  7- 9 || total
-------------------------+-------+-------+-------++-------
Melee: Hand axe          |    93 |   122 |    15 ||   230
       War axe           |       |       |    25 ||    25
Throw: Dart              |       |     1 |       ||     1
 Stab: Paralysed         |       |     4 |       ||     4
       Petrified         |       |     1 |       ||     1
  Eat: Chunk             |       |     5 |     1 ||     6
Armor: Leather armour    |    41 |    43 |    10 ||    94
Dodge: Dodged            |    63 |    96 |    40 ||   199
